 Dungeon Crawl Stone Soup version 0.32-a0-484-g2eb335deba (webtiles) character file.

Game seed: 6367371754528230771

44 mopl the Insei (level 3, -8/23 HPs)
             Began as an Octopode Shapeshifter on Feb 26, 2024.
             Mangled by a gnoll
             ... wielding a +0 flail
              (11 damage)
             ... on level 1 of the Dungeon.
             The game lasted 00:01:16 (879 turns).

mopl the Insei (Octopode Shapeshifter)               Turns: 879, Time: 00:01:17

Health: -8/23      AC:  1    Str: 13    XL:     3   Next: 60%
Magic:  3/3        EV: 13    Int: 12    God:
Gold:   107        SH:  0    Dex: 13    Spells: 2/2 levels left

rFire   . .          .
                       - Unarmed
rCold   . . .        (no shield)
rNeg    . . .        (helmet currently unavailable)
rPois   .            (no amulet)
rElec   .            (no ring)
rCorr   .            (no ring)
SInv    .            (no ring)
Will    .....        (no ring)
Stlth   ++           (no ring)
HPRegen 0.23/turn    (no ring)
MPRegen 0.08/turn    (no ring)
                     (no ring)

%: no passive effects
@: beast-form
A: beast (slay +1), almost no armour, amphibious, 8 rings, camouflage 1,
gelatinous body 1, (nimble swimmer 1), tentacles
a: Begin Untransformation


You were on level 1 of the Dungeon.
You were a hulking beast.
You visited 1 branch of the dungeon, and saw 2 of its levels.

You collected 107 gold pieces.

Inventory:

Armour
 e - a +0 buckler
Talismans
 b - a beast talisman (active)
 c - a flux talisman
Scrolls
 d - a scroll of revelation {unknown}
 f - 3 scrolls of vulnerability {unknown}
 g - a scroll of immolation {unknown}
 h - a scroll of poison {unknown}
Potions
 a - a potion of lignification {!q}


   Skills:
 + Level 1.5 Fighting
 + Level 2.3 Dodging
 * Level 3.5 Unarmed Combat
 * Level 3.4 Shapeshifting


You had 2 spell levels left.
You didn't know any spells.
Your spell library was empty.

Dungeon Overview and Level Annotations

Branches:
Dungeon (2/15)

Altars:


Innate Abilities, Weirdness & Mutations

You are a hulking beast.
Your limbs bulge with bestial killing power. (Slay +1)
You cannot wear most types of armour.
You are amphibious.
You can wear up to eight rings at the same time.
Your skin changes colour to match your surroundings (Stealth+).
Your rubbery body absorbs attacks. (AC +1, EV +1)
((You are camouflaged when in or above water. (Stealth+)))
You have tentacles for arms and can constrict up to eight enemies at once.


Message History

The quokka barely misses you.
You tentacle-slap the quokka but do no damage.
The quokka is lightly wounded.
You constrict the quokka. The bat hits you. The quokka barely misses you.
You tentacle-slap the quokka.
The quokka is severely wounded.
You constrict the quokka.
You kill the quokka!
The bat hits you but does no damage.
You tentacle-slap the bat.
You kill the bat!
No target in view!
No target in view!
No target in view!
No target in view!
No target in view!
No target in view!
No target in view!
You see here a quokka corpse.
A gnoll comes into view. It is wielding a +0 halberd.
A gnoll is nearby!
Found a fuming green potion.
The gnoll shouts!
You hear a shout!
A gnoll comes into view. It is wielding a +0 flail.
You hear a shout!
The gnoll shouts!
You hear a shout!
A gnoll comes into view. It is wielding a +0 spear.
The gnoll shouts!
You hear a shout!
You see here a quokka corpse.
Things that are here:
a +0 whip; 3 stones; a kobold corpse
There is a stone staircase leading up here.
There is a stone staircase leading up here.
The gnoll hits you with a +0 halberd! The gnoll hits you with a +0 flail!
Ouch! That really hurt!
* * * LOW HITPOINT WARNING * * *
You climb upwards.
There is a stone staircase leading down here.
Unknown command.
The gnoll barely misses you. The gnoll hits you with a +0 flail!
You die...

### ############# #######.#
#............ #...#...#
##.########### #.#.#.#.#
###..# # #.#)#.#.###.^.### #
#...#.#..g..รท...### #
######...##>h.)......# #
#........(.g.....#.#.## #
#................#)#..# #
#................#.##.# #
#..................##.# #
#...........#.##.#..#.### #
#............#.)#.......#####
###########.#)##.#....#....##
#.......#.##.#....####.##


You could see 2 gnolls.

Vanquished Creatures
  2 dart slugs
  6 bats
  5 endoplasms (D:1)
  A giant cockroach (D:2)
  3 goblins
  2 hobgoblins (D:1)
  A jackal (D:2)
  2 quokkas
  4 ball pythons (D:1)
  3 frilled lizards (D:1)
  5 kobolds
34 creatures vanquished.

Notes
Turn   | Place    | Note
-------+----------+-------------------------------------------
     0 | D:1      | mopl the Octopode Shapeshifter began the quest for the Orb.
     0 | D:1      | Reached XP level 1. HP: 13/13 MP: 1/1
    90 | D:1      | Reached XP level 2. HP: 16/18 MP: 2/2
   261 | D:1      | Reached XP level 3. HP: 19/23 MP: 3/3
   879 | D:1      | Mangled by a gnoll

Illustrated notes

Levels and vault maps discovered:
D:1:      minmay_arrival_cross, layout_basic, minmay_small_reverse_x
D:2:      layout_basic, minmay_stone_trees_small, hex_intersection,
          amethyst_killhole

Action                     || total
---------------------------++-------
  Melee: Unarmed           ||    64
         Constrict         ||    16
         Tentacles         ||    13
         Punch             ||     1
   Stab: Sleeping          ||     8
 Armour: Skin              ||    32
  Dodge: Dodged            ||    35

Table legend: (Time is in decaauts)
 A = Elapsed time spent in this place.
 B = Non-inter-level travel time spent in this place.
 C = Inter-level travel time spent in this place.
 D = Time resting spent in this place.
 E = Time spent auto-exploring this place.
 F = Levels seen in this place.
 G = Mean time per level.
                   A        B        C        D        E       F      G
               +--------+--------+--------+--------+--------+-----+--------+
         Total |    875 |    853 |     22 |     54 |    529 |   2 |  437.5 |
       Dungeon |    875 |    853 |     22 |     54 |    529 |   2 |  437.5 |
               +--------+--------+--------+--------+--------+-----+--------+

Top non-repeatable levels by time:
     D:1: 686 daAuts
     D:2: 189 daAuts
